 Dungeon Crawl Stone Soup version 0.31-a0-426-g3a05650e59 (webtiles) character file.

Game seed: 5642393536772277092

237 benadryl the Trooper (level 6, 0/48 HPs)
             Began as a Djinni Ice Elementalist on July 30, 2023.
             Slain by a phantom (6 damage)
             ... on level 3 of the Dungeon.
             The game lasted 00:05:18 (3655 turns).

benadryl the Trooper (Djinni Ice Elementalist)      Turns: 3655, Time: 00:05:19

Health: 0/48       AC:  2    Str: 11    XL:     6   Next: 28%
Gold:   126        EV: 12    Int: 18    God:
                   SH:  0    Dex: 16

rFire   + + .        k - +1 dagger (speed)
rCold   x . .        (no shield)
rNeg    + . .        a - +0 robe
rPois   ∞            (no helmet)
rElec   .            (no cloak)
rCorr   .            (no gloves)
SInv    .            (boots unavailable)
Will    .....        (no amulet)
Stlth   ++           f - ring of positive energy
HPRegen 0.28/turn    m - +6 ring of dexterity
MPRegen 0.00/turn

%: infuse magic (-1 HP)
@: flying, very slightly contaminated
A: sickness immunity, fire resistance 2, cold vulnerability 1, float, innate
caster, HP casting, extra vitality 1, clumsy 1, strong 1, subdued magic 1
a: no special abilities


You were on level 3 of the Dungeon.
You visited 1 branch of the dungeon, and saw 3 of its levels.

You collected 126 gold pieces.

Inventory:

Hand Weapons
 c - a +0 dagger
 k - a +1 dagger of speed (weapon)
Armour
 a - a +0 robe (worn)
Jewellery
 f - a ring of positive energy (left hand)
 g - a ring of resist corrosion
 m - a +6 ring of dexterity (right hand)
Scrolls
 b - 3 scrolls of revelation {unknown}
 d - a scroll of brand weapon {unknown}
 e - 3 scrolls of identify {unknown}
 h - a scroll of fear {unknown}
 i - a scroll of blinking {unknown}
 j - 2 scrolls of teleportation {unknown}
 n - a scroll of amnesia {unknown}
Potions
 l - a potion of mutation


   Skills:
 + Level 4.3 Fighting
 - Level 2.1 Dodging
 - Level 1.5 Stealth
 * Level 4.3 Spellcasting
 * Level 4.3 Conjurations
 * Level 4.3 Hexes
   Level 0.0 Charms
 * Level 4.3 Summonings
 * Level 4.3 Necromancy
 * Level 4.3 Translocations
 * Level 4.3 Transmutations
 * Level 4.3 Fire Magic
 * Level 4.3 Ice Magic
 * Level 4.3 Air Magic
 * Level 4.3 Earth Magic
 * Level 4.3 Poison Magic


You knew the following spells:

 Your Spells              Type           Power      Damage    Failure   Level
a - Freeze                Ice            60%        1d7       1%          1
b - Frozen Ramparts       Ice            30%        1d5       5%          3
c - Ozocubu's Armour      Ice            15%        N/A       5%          3
d - Summon Ice Beast      Ice/Summ       15%        N/A       21%         4
e - Kiss of Death         Conj/Necr      60%        2d10      1%          1
f - Poisonous Vapours     Pois/Air       30%        N/A       2%          2
Your spell library was empty.

Dungeon Overview and Level Annotations

Branches:
Dungeon (3/15)

Altars:

Shops:
D:2 (


Innate Abilities, Weirdness & Mutations

You are immune to sickness and miasma.
You are immune to poison.
Your flesh is very heat resistant. (rF++)
You are vulnerable to cold. (rC-)
You float through the air rather than walking.
You learn spells naturally, not from books.
Your magical power is your life essence.
You have superior vitality. (+4 MHP)
You are clumsy. (Dex -2)
Your muscles are strong. (Str +4, Int/Dex -1)
Your spells are a little easier to cast, but a little less powerful.


Message History

You freeze the phantom.
The phantom resists.
The phantom is moderately damaged.
The phantom hits you!
Casting: Freeze (safe; 2% risk of failure)
Confirm with . or Enter, or press ? or * to list all spells.
Casting: Frozen Ramparts (dangerous; 7% risk of failure)
Press: ? - help, Dir - look around, f - activate The walls around you are covered in ice.
The phantom completely resists.
The wall freezes the phantom but does no damage.
The phantom closely misses you.
Casting: Frozen Ramparts (dangerous; 7% risk of failure)
Confirm with . or Enter, or press ? or * to list all spells.
A film of ice covers your body!
The phantom resists.
The wall freezes the phantom.
The phantom hits you.
You hit the phantom.
The phantom is moderately damaged.
You hit the phantom.
The phantom is moderately damaged.
The phantom resists.
The wall freezes the phantom.
The phantom hits you.
* * * LOW HITPOINT WARNING * * *
You closely miss the phantom.
The phantom is heavily damaged.
The phantom resists.
The wall freezes the phantom.
The phantom hits you.
* * * LOW HITPOINT WARNING * * *
The phantom blinks!
You blink.
Your icy armour cracks and falls away as you move.
The frozen ramparts melt away as you move.
Aiming: Freeze (safe; 2% risk of failure)
Press: ? - help, Q - select action, (/) - cycle Shift-Dir - straight line, f - phantom
Aim: a phantom (heavily damaged)
You miscast Freeze.
You are very lightly contaminated with residual magic.
Nothing appears to happen.
* * * LOW HITPOINT WARNING * * *
The phantom closely misses you.
It was a potion of mutation.
You feel extremely strange.
Your connection to magic feels subdued.
You feel clumsy.
You feel stronger. The phantom hits you.
You die...

. ...#.....##
#.#...#.
#####...##
#.#.###. ##+#
#.#.###. #.#
#....... #.#
###.#### ##.## #.#
##...## #.#
#.....#########.#
#.#.@...§§.......#
##.W############
##.# #.## #..#
#.#.# ###.# #.#
#.#


You could see a phantom.

Vanquished Creatures
  2 orc priests (D:1)
  Terence (D:3)
  Natasha (twice) (D:3)
  A gnoll (D:1)
  2 adders (D:2)
  2 worms (D:2)
  A dart slug (D:1)
  4 orcs
  4 ball pythons
  4 bats
  5 endoplasms
  7 goblins
  8 hobgoblins
  4 jackals (D:2)
  6 kobolds
  4 frilled lizards
  6 rats
63 creatures vanquished.

Notes
Turn   | Place    | Note
-------+----------+-------------------------------------------
     0 | D:1      | benadryl the Djinni Ice Elementalist began the quest for
                  | the Orb.
     0 | D:1      | benadryl set off with the following spells memorised:
                  | Freeze, Frozen Ramparts, Ozocubu's Armour, Summon Ice
                  | Beast.
     0 | D:1      | Reached XP level 1. HP: 15/15 MP: 0/0
   362 | D:1      | Reached skill level 1 in Fighting
   362 | D:1      | Reached XP level 2. HP: 19/22 MP: 0/0
   373 | D:1      | Found a faded altar of an unknown god.
   824 | D:1      | Reached XP level 3. HP: 17/28 MP: 0/0
   824 | D:1      | Learned a level 1 spell: Kiss of Death
  1656 | D:1      | Reached XP level 4. HP: 11/34 MP: 0/0
  1758 | D:2      | Reached XP level 5. HP: 25/40 MP: 0/0
  1758 | D:2      | Learned a level 2 spell: Poisonous Vapours
  2069 | D:2      | Found Emetur's Antique Weapon Shop.
  2724 | D:3      | Noticed Natasha
  2732 | D:3      | Killed Natasha
  2977 | D:3      | Noticed Natasha
  2985 | D:3      | Killed Natasha
  2986 | D:3      | Reached XP level 6. HP: 17/47 MP: 0/0
  3106 | D:3      | Noticed Terence
  3123 | D:3      | HP: 2/47 [Terence/+0 mace (8)]
  3126 | D:3      | Killed Terence
  3655 | D:3      | Gained mutation: Your spells are a little easier to cast,
                  | but a little less powerful. [potion of mutation]
  3655 | D:3      | Gained mutation: You are clumsy. (Dex -2) [potion of
                  | mutation]
  3655 | D:3      | Gained mutation: Your muscles are strong. (Str +4, Int/Dex
                  | -1) [potion of mutation]
  3655 | D:3      | Slain by a phantom

Illustrated notes

Levels and vault maps discovered:
D:1:      dpeg_arrival_signposts, layout_loops_corners,
          dreamdust_ecumenical_altar_angels_and_demons,
          chequers_serial_rivers_micro_c, minmay_surrounded
D:2:      layout_basic, serial_shops, nicolae_shop_stone
D:3:      layout_loops_corners, hangedman_abyss_or_decor_lesser_grid,
          minmay_increasing_density, uniq_natasha, uniq_terence

Skill      XL: |  1  2  3  4  5 |
---------------+----------------+-----
Fighting       | 1 2 3 4 |  4.3
Spellcasting   | 4 |  4.3
Conjurations   | 4 |  4.3
Hexes          | 4 |  4.3
Summonings     | 4 |  4.3
Necromancy     | 4 |  4.3
Translocations | 4 |  4.3
Transmutations | 4 |  4.3
Fire Magic     | 4 |  4.3
Ice Magic      | 4 |  4.3
Air Magic      | 4 |  4.3
Earth Magic    | 4 |  4.3
Poison Magic   | 4 |  4.3
Dodging        | |  2.1
Stealth        | |  1.5

Action                     |  1- 3 |  4- 6 || total
---------------------------+-------+-------++-------
  Melee: Dagger            |    12 |    40 ||    52
   Cast: Freeze            |    31 |    68 ||    99
         Frozen Ramparts   |     1 |     3 ||     4
         Ozocubu's Armour  |     1 |     2 ||     3
    Use: Potion            |       |     1 ||     1
   Stab: Sleeping          |       |     3 ||     3
 Armour: Robe              |     8 |    22 ||    30
  Dodge: Dodged            |    28 |    80 ||   108

Table legend: (Time is in decaauts)
 A = Elapsed time spent in this place.
 B = Non-inter-level travel time spent in this place.
 C = Inter-level travel time spent in this place.
 D = Time resting spent in this place.
 E = Time spent auto-exploring this place.
 F = Levels seen in this place.
 G = Mean time per level.
                   A        B        C        D        E       F      G
               +--------+--------+--------+--------+--------+-----+--------+
         Total |   3649 |   3526 |    123 |    913 |   2144 |   3 | 1216.3 |
       Dungeon |   3649 |   3526 |    123 |    913 |   2144 |   3 | 1216.3 |
               +--------+--------+--------+--------+--------+-----+--------+

Top non-repeatable levels by time:
     D:1: 1747 daAuts
     D:2: 965 daAuts
     D:3: 937 daAuts
